 Dungeon Crawl Stone Soup version 0.28.0 (webtiles) character file.

Game seed: 15770214084757592395

4 PieDemon the Skirmisher (level 1, 0/20 HPs)
             Began as a Djinni Cinder Acolyte on Feb 4, 2022.
             Was a High Priest of Ignis.
             Slain by a bat (1 damage)
             ... on level 1 of the Dungeon.
             The game lasted 00:01:35 (257 turns).

PieDemon the Skirmisher (Djinni Cinder Acolyte)      Turns: 257, Time: 00:01:35

Health: 0/20       AC:  2    Str: 13    XL:     1   Next: 66%
Gold:   9          EV: 11    Int: 15    God:    Ignis [*****.] SH:  0 Dex:  8

rFire   + + +      SeeInvis .   a - -1 falchion (flame)
rCold   x . .      Faith    .   (no shield)
rNeg    . . .      Spirit   .   b - +0 robe
rPois   ∞          Reflect  .   (no helmet)
rElec   .          Harm     .   (no cloak)
rCorr   .          Rampage  .   (no gloves)
Will    .....                   (boots unavailable)
Stlth   +.........              (no amulet)
HPRegen 0.06/turn               (no ring)
MPRegen 0.00/turn               (no ring)

@: flying
A: sickness immunity, fire resistance 2, cold vulnerability 1, float, innate
caster, HP casting, extra vitality 1
a: Renounce Religion, Fiery Armour, Foxfire Swarm, Rising Flame


You were on level 1 of the Dungeon.
You worshipped Ignis.
Ignis was extremely pleased with you.
You visited 1 branch of the dungeon, and saw 1 of its levels.

You collected 9 gold pieces.

Inventory:

Hand Weapons
 a - a -1 falchion of flaming (weapon)
 c - a +0 short sword of venom
 e - a +2 whip of flaming
Missiles
 d - 3 stones
Armour
 b - a +0 robe (worn)


   Skills:
 + Level 3.0 Fighting
 + Level 2.7 Long Blades
 + Level 0.2 Dodging
 * Level 2.5 Spellcasting


You had 3 spell levels left.
You knew the following spells:

 Your Spells              Type           Power      Damage    Failure   Level
a - Scorch                Fire           18%        2d5       12%         2
Your spell library was empty.

Dungeon Overview and Level Annotations

Branches:
Dungeon (1/15)

Altars:


Innate Abilities, Weirdness & Mutations

You are immune to sickness and miasma.
You are immune to poison.
Your flesh is very heat resistant. (rF++)
You are vulnerable to cold. (rC-)
You float through the air rather than walking.
You learn spells naturally, not from books.
Your magical power is your life essence.
You have superior vitality. (+4 MHP)


Message History

You hit the goblin. You burn the goblin.
You kill the goblin!
Things that are here:
a +0 club; a goblin corpse
d - 3 stones (gained 1)
You reach down and open the door.
A bat and a hobgoblin come into view.
The hobgoblin shouts!
The bat hits you but does no damage.
You barely miss the bat. The bat hits you but does no damage.
You hit the hobgoblin. You burn the hobgoblin.
The hobgoblin is severely wounded.
The hobgoblin hits you.
* * * LOW HITPOINT WARNING * * *
The hobgoblin hits you.
* * * LOW HITPOINT WARNING * * *
The bat barely misses you. The bat hits you but does no damage.
The bat hits you but does no damage. The bat hits you but does no damage.
The bat hits you.
* * * LOW HITPOINT WARNING * * *
You barely miss the bat. The bat closely misses you. The bat barely misses you.
You miss the bat. The bat hits you but does no damage. x2
Okay, then.
You hit the bat. You burn the bat.
The bat is severely wounded.
The bat misses you. The bat closely misses you.
You barely miss the bat.
The bat is severely wounded.
The bat barely misses you.
You barely miss the bat.
The bat is severely wounded.
The bat hits you.
* * * LOW HITPOINT WARNING * * *
The bat completely misses you.
You miss the bat.
The bat is severely wounded.
The bat barely misses you. The bat hits you.
You die...

#.#.## ### #.#.# ###.#
#.#.# #...# #.#.## #.#)#
#.#... #.#.# #######.#...
#.#.# ........#... #.#.#
######..#... #@#.#
###..#... #b#.#.#
#....#... #g#.#.#
#...†#... ########.#.#.#
#....#### #........#.#.#
#........ #........#.#.#
#.....### #........#.#.#
#......# #........#.#.#
#.##.#.#
########.#.#.####.##.#.##


You could see a hobgoblin and a bat.

Vanquished Creatures
  A goblin (D:1)
  2 kobolds (D:1)
  A frilled lizard (D:1)
4 creatures vanquished.

Notes
Turn   | Place    | Note
-------+----------+-------------------------------------------
     0 | D:1      | PieDemon the Djinni Cinder Acolyte began the quest for the
                  | Orb.
     0 | D:1      | Reached XP level 1. HP: 20/20 MP: 0/0
   256 | D:1      | HP: 1/20 [bat (1)]
   257 | D:1      | Slain by a bat

Illustrated notes

Levels and vault maps discovered:
D:1:      wander_arrival_chamber, layout_basic,
          nicolae_ecumenical_snake_handling, minivault_11

Action                   || total
-------------------------++-------
Melee: Falchion          ||    25
Throw: Stone             ||     1
Armor: Robe              ||     8
Dodge: Dodged            ||    15
